 Dungeon Sprint DCSS version 0.21.1-1-g345015f (webtiles) character file.

235 Fang the Fighter (level 6, -5/67 HPs)
             Began as a Gargoyle Berserker on July 11, 2018.
             Was a High Priest of Trog.
             Slain by a gnoll sergeant
             ... wielding a +0 trident
              (10 damage)
             ... in the Dungeon (Sprint VII: "The Pits") on July 12, 2018.
             The game lasted 00:02:34 (419 turns).

Fang the Fighter (Gargoyle Berserker)                Turns: 419, Time: 00:02:35

Health: -5/67      AC:  6    Str: 27    XL:     6   Next: 6%
Magic:  6/6        EV: 13    Int:  8    God:    Trog [*****.]
Gold:   0          SH:  0    Dex:  9    Spells: 5/5 levels left

rFire    . . .     SeeInvis .   j - +2 hand axe (drain)
rCold    . . .     Gourm    .   (no shield)
rNeg     + . .     Faith    .   b - +0 animal skin
rPois    ∞         Spirit   .   (no helmet)
rElec    +         Reflect  .   (no cloak)
rCorr    .         Harm     .   (no gloves)
MR       .....     NoTele   +   (no boots)
Stlth    ..........             (no amulet)
HPRegen  0.21/turn              (no ring)
MPRegen  0.10/turn              (no ring)

@: berserking, very quick
A: negative energy resistance 1, electricity resistance, unbreathing,
petrification resistance, rot immunity, AC +4
a: Berserk, Trog's Hand, Brothers in Arms, Burn Spellbooks, Renounce Religion


You were in the Dungeon.
You worshipped Trog.
Trog was extremely pleased with you.
You were very hungry.

You visited 1 branch

Inventory:

Hand Weapons
 j - a +2 hand axe of draining (weapon)
 n - a +0 hand axe of freezing
Armour
 b - a +0 animal skin (worn)
Scrolls
 i - a scroll of blinking
 k - 3 scrolls of remove curse
 l - a scroll of summoning
Potions
 a - 2 potions of invisibility
 d - 6 potions of curing
 e - 6 potions of heal wounds
 f - a potion of haste
 g - 4 potions of magic
 h - 3 potions of berserk rage
Comestibles
 c - 9 rations
 m - 8 chunks of flesh


   Skills:
 + Level 8.5 Fighting
 + Level 7.3 Axes
 + Level 4.2 Armour
 + Level 4.3 Dodging
 + Level 1.2 Stealth


You had 5 spell levels left.
You didn't know any spells.

Dungeon Overview and Level Annotations

Branches:
Dungeon (1/1)

Altars:
Cheibriados
Dithmenos
Elyvilon
Fedhas
Gozag
Hepliaklqana
Makhleb
Nemelex Xobeh
Okawaru
Qazlal
Ru
Sif Muna
Trog
Vehumet
Wu Jian
Xom
Yredelemnul
Zin
The Shining One
Beogh
Jiyva
Lugonu


Innate Abilities, Weirdness & Mutations

You are resistant to torment.
Your stone body is resilient. (AC +4)
You are immune to poison.
You resist negative energy. (rN+)
You are resistant to electric shocks. (rElec)
You can survive without breathing.
You are immune to petrification.
You are immune to rotting.


Message History

The ball python barely misses you. The ball python constricts you.
You hit the gnoll shaman.
The gnoll shaman is severely wounded.
You closely miss the gnoll. You slash the ball python!
You feel the power of Trog in you as your rage grows.
You kill the ball python!
Trog accepts your kill. Something appears at your feet!
Trog grants you ammunition!
You slash the gnoll! The gnoll misses you.
The gnoll shaman hits you with a whip!
* * * LOW HITPOINT WARNING * * *
You barely miss the gnoll shaman.
The gnoll shaman is severely wounded.
You slash the gnoll! You drain the gnoll!
You kill the gnoll!
Trog accepts your kill.
You hit the gnoll. The gnoll closely misses you. The gnoll barely misses you.
The gnoll sergeant hits you from afar with a trident!
You die...

#.#...#.#))#####'##
#.#...'.#).##......
#.##'####))##......
#.#)....#..##......
#.#.....#'###...<..
#.#........##......
#.#........##......
#'###########......
#)@)....# #######
#gg†gg..# #ggg#...#
#..## ..# #..g .#
#... # #.... #####


You could see a gnoll sergeant, a gnoll shaman and 6 gnolls.

Vanquished Creatures
  A fire bat (D)
  A worker ant (D)
  4 gnolls (D)
  An adder (D)
  An ooze (D)
  An orc (D)
  2 bat zombies (D)
  A giant cockroach (D)
  4 jackals (D)
  A quokka (D)
  A ball python (D)
  A frilled lizard (D)
  A kobold (D)
20 creatures vanquished.

Notes
Turn   | Place    | Note
-------+----------+-------------------------------------------
     0 | D        | Fang the Gargoyle Berserker began the quest for the Orb.
     0 | D        | Reached XP level 1. HP: 14/14 MP: 1/1
    22 | D        | Reached ** piety under Trog
    22 | D        | Reached skill level 4 in Fighting
   133 | D        | Found a bloodstained altar of Trog.
   133 | D        | Found a deep blue altar of Sif Muna.
   133 | D        | Found a viscous altar of Jiyva.
   133 | D        | Found a hazy altar of Hepliaklqana.
   133 | D        | Found an opulent altar of Gozag.
   134 | D        | Found a glowing golden altar of the Shining One.
   134 | D        | Found a glowing silver altar of Zin.
   134 | D        | Found a basalt altar of Yredelemnul.
   134 | D        | Found a shimmering altar of Xom.
   134 | D        | Found an ornate altar of the Wu Jian Council.
   134 | D        | Found a sacrificial altar of Ru.
   134 | D        | Found a stormy altar of Qazlal.
   134 | D        | Found an iron altar of Okawaru.
   134 | D        | Found a sparkling altar of Nemelex Xobeh.
   134 | D        | Found a burning altar of Makhleb.
   134 | D        | Found a blossoming altar of Fedhas.
   134 | D        | Found a white marble altar of Elyvilon.
   134 | D        | Found a shadowy altar of Dithmenos.
   134 | D        | Found a snail-covered altar of Cheibriados.
   136 | D        | Found a radiant altar of Vehumet.
   136 | D        | Found a corrupted altar of Lugonu.
   136 | D        | Found a roughly hewn altar of Beogh.
   187 | D        | Noticed a worker ant
   198 | D        | Killed a worker ant
   198 | D        | Reached skill level 5 in Fighting
   198 | D        | Reached XP level 2. HP: 20/21 MP: 2/2
   198 | D        | Reached XP level 3. HP: 25/26 MP: 3/3
   307 | D        | Reached *** piety under Trog
   321 | D        | Reached **** piety under Trog
   408 | D        | Noticed a gnoll sergeant
   408 | D        | Noticed a fire bat
   411 | D        | Reached skill level 6 in Fighting
   411 | D        | Reached XP level 4. HP: 32/32 MP: 4/4
   411 | D        | Reached skill level 5 in Axes
   412 | D        | Reached ***** piety under Trog
   415 | D        | Killed a fire bat
   415 | D        | Reached skill level 8 in Fighting
   415 | D        | Reached skill level 1 in Stealth
   415 | D        | Reached XP level 5. HP: 22/40 MP: 5/5
   415 | D        | Reached XP level 6. HP: 25/45 MP: 6/6
   418 | D        | Received a gift from Trog
   419 | D        | Slain by a gnoll sergeant

Skill      XL: |  1  2  3  4 |
---------------+-------------+-----
Axes           | 4 7 |  7.3
Fighting       | 5 6 8 |  8.5
Dodging        | 2 4 |  4.3
Armour         | 3 4 |  4.2
Stealth        | 1 |  1.2

Action                   |  1- 3 |  4- 6 || total
-------------------------+-------+-------++-------
Melee: Hand axe          |    30 |     8 ||    38
Invok: Berserk           |     3 |       ||     3
Armor: Animal skin       |    12 |     3 ||    15
Dodge: Dodged            |    35 |    11 ||    46
